 Dungeon Sprint DCSS version 0.31-a0-876-gfe8ebadbca (webtiles) character file.

Game seed: 14138343917317192154

309 rocky1 the Nimble (level 6, -1/49 HPs)
             Began as a Djinni Gladiator on Oct 14, 2023.
             Was an Initiate of Gozag.
             Slain by a hornet (9 damage)
             ... in the Dungeon (Sprint II: "The Violet Keep of Menkaure").
             The game lasted 00:01:12 (103 turns).

rocky1 the Nimble (Djinni Gladiator)                 Turns: 103, Time: 00:01:13

Health: -1/49      AC:  4    Str: 13    XL:     6   Next: 69%
Gold:   243        EV: 17    Int:  9    God:    Gozag SH:  0 Dex: 17

rFire   + + .        a - +0 long sword
rCold   x . .        (no shield)
rNeg    . . .        b - +0 leather armour
rPois   ∞            c - +0 helmet
rElec   .            (no cloak)
rCorr   .            (no gloves)
SInv    .            (boots unavailable)
Will    .....        (no amulet)
Stlth   +            (no ring)
HPRegen 0.28/turn    (no ring)
MPRegen 0.00/turn

%: no teleportation, infuse magic (-2 HP)
@: flying, hasted, very quick
A: sickness immunity, fire resistance 2, cold vulnerability 1, float, innate
caster, HP casting, extra vitality 1
a: Renounce Religion, Potion Petition, Call Merchant, Bribe Branch


You were in the Dungeon.
You worshipped Gozag.
Gozag was aware of your devotion.
You visited 1 branch You collected 243 gold pieces.

Inventory:

Hand Weapons
 a - a +0 long sword (weapon)
Missiles
 d - 3 throwing nets (quivered)
 e - a javelin
Armour
 b - a +0 leather armour (worn)
 c - a +0 helmet (worn)
Potions
 f - a potion of curing
 g - a potion of heal wounds


   Skills:
 + Level 5.3 Fighting
 + Level 8.4 Long Blades
 - Level 1.5 Throwing
 + Level 1.2 Armour
 + Level 9.6 Dodging


You knew the following spells:

 Your Spells              Type           Power      Damage    Failure   Level
a - Summon Small Mammal   Summ           0%         N/A       45%         1
b - Scorch                Fire           0%         2d5       61%         2
Your spell library was empty.

Dungeon Overview and Level Annotations

Branches:
Dungeon (1/1)

Altars:
Cheibriados
Dithmenos
Elyvilon
Fedhas
Gozag
Hepliaklqana
Makhleb
Nemelex Xobeh
Okawaru
Qazlal
Ru
Trog
Uskayaw
Wu Jian
Xom
Yredelemnul
Zin
The Shining One
Jiyva
Lugonu

Annotations:
D Menkaure, Roxanne


Innate Abilities, Weirdness & Mutations

You are immune to sickness and miasma.
You are immune to poison.
Your flesh is very heat resistant. (rF++)
You are vulnerable to cold. (rC-)
You float through the air rather than walking.
You learn spells naturally, not from books.
Your magical power is your life essence.
You have superior vitality. (+4 MHP)


Message History

The polar bear fails to trigger a net trap.
The polar bear attacks as it pursues you!
The polar bear barely misses you. The polar bear misses you.
The polar bear closely misses you.
Unknown command.
The hornet attacks as it pursues you! The hornet misses you.
The hornet barely misses you.
The hornet is engulfed in a cloud of scalding steam.
The hornet is engulfed in a cloud of scalding steam.
You barely miss the hornet.
The hornet is lightly wounded.
The hornet stings you. The hornet attacks as it pursues you!
The hornet closely misses you.
The flying skull gives a hideous shriek!
You hit the hornet.
The hornet is moderately wounded.
The hornet stings you.
You miss the hornet.
The hornet is moderately wounded.
The flying skull gives a hideous shriek!
The hornet closely misses you.
You hit the hornet.
The hornet is moderately wounded.
The hornet stings you.
You hit the hornet but do no damage.
The hornet is moderately wounded.
The hornet barely misses you.
The flying skull gives a hideous shriek! x3
The hornet attacks as it pursues you! The hornet misses you.
You barely miss the hornet.
The hornet is moderately wounded.
The hornet stings you!
* * * LOW HITPOINT WARNING * * *
You slash the hornet!
The hornet is heavily wounded.
You hit the hornet but do no damage.
The hornet is heavily wounded.
The hornet stings you!
You die...
Your body crumbles into a pile of gold.

#†# ##......~~~~~~~~~~~~~.
###†#####~~.§...~#'########'###
#..#..#~~~~~§~..~#.._._._.#~~~#
##.#.##~~~~§~~§.~#._._._..#~~≈§
~~##'##~§~≈≈≈§§§~~#_._._._.#§~§§
#~~~~~~~§~~≈§§§hch#._._._._#~~~≈
#+++#+++#§≈≈≈§≈≈§h#.._._._.#S§~§
~~§. ##≈≈§###y≈#..._._._#M~~~
.~§§~~ ##§≈# #@≈#...._._.#S~§≈
~~.§8.. +≈≈# #≈≈#....._._#S≈≈≈
...~~.~ #§≈≈§≈≈≈##########~≈≈≈
#..~~~~. #########~~~~~~~~~≈≈≈≈
####+ .z°zzzz###~########≈▓▓▓


zzzzz##~# ▓▓ §§°☼...+~# .§§.○.#### You could see 3 polar bears, a yaktaur, a
hornet and 8 flying skulls.

Vanquished Creatures
  A water moccasin (D)
  4 scorpions (D)
5 creatures vanquished.

Notes
Turn   | Place    | Note
-------+----------+-------------------------------------------
     0 | D        | rocky1 the Djinni Gladiator began the quest for the Orb.
     0 | D        | Reached XP level 1. HP: 18/18 MP: 0/0
     1 | D        | Noticed a scorpion
     1 | D        | Noticed a scorpion
     9 | D        | Killed a scorpion
    10 | D        | Reached skill level 5 in Long Blades
    10 | D        | Reached skill level 6 in Dodging
    10 | D        | Reached XP level 2. HP: 25/25 MP: 0/0
    10 | D        | Reached XP level 3. HP: 30/30 MP: 0/0
    10 | D        | Learned a level 1 spell: Summon Small Mammal
    10 | D        | Reached XP level 4. HP: 35/35 MP: 0/0
    12 | D        | Killed a scorpion
    13 | D        | Reached skill level 7 in Dodging
    13 | D        | Reached XP level 5. HP: 41/41 MP: 0/0
    13 | D        | Learned a level 2 spell: Scorch
    20 | D        | Reached skill level 8 in Dodging
    28 | D        | Reached XP level 6. HP: 27/48 MP: 0/0
    34 | D        | Noticed Roxanne
    39 | D        | Noticed a flying skull
    39 | D        | Noticed a flying skull
    41 | D        | Noticed a flying skull
    42 | D        | Noticed a flying skull
    42 | D        | Noticed a flying skull
    44 | D        | Found a hazy altar of Hepliaklqana.
    44 | D        | Found a snail-covered altar of Cheibriados.
    45 | D        | Noticed a water moccasin
    45 | D        | Found a shadowy altar of Dithmenos.
    45 | D        | Found a viscous altar of Jiyva.
    45 | D        | Found a stormy altar of Qazlal.
    46 | D        | Found a white marble altar of Elyvilon.
    46 | D        | Found a sacrificial altar of Ru.
    47 | D        | Found a corrupted altar of Lugonu.
    47 | D        | Found a blossoming altar of Fedhas.
    47 | D        | Found an ornate altar of the Wu Jian Council.
    56 | D        | Killed a water moccasin
    57 | D        | Reached skill level 5 in Fighting
    57 | D        | Reached skill level 1 in Armour
    57 | D        | Reached skill level 9 in Dodging
    57 | D        | Found a bloodstained altar of Trog.
    57 | D        | Found a shimmering altar of Xom.
    57 | D        | Found a burning altar of Makhleb.
    57 | D        | Found an opulent altar of Gozag.
    61 | D        | Found a glowing golden altar of the Shining One.
    61 | D        | Found a basalt altar of Yredelemnul.
    61 | D        | Found a hide-covered altar of Uskayaw.
    63 | D        | Found a glowing silver altar of Zin.
    63 | D        | Found a sparkling altar of Nemelex Xobeh.
    64 | D        | Found an iron altar of Okawaru.
    66 | D        | Noticed a water moccasin
    66 | D        | Noticed a water moccasin
    67 | D        | Noticed Menkaure
    67 | D        | Noticed a water moccasin
    72 | D        | Became a worshipper of Gozag Ym Sagoz the Greedy
    73 | D        | Noticed a flying skull
    74 | D        | Noticed a flying skull
    75 | D        | Noticed a flying skull
    79 | D        | Noticed a polar bear
    79 | D        | Noticed a polar bear
    80 | D        | Noticed a hornet
    80 | D        | Noticed a yaktaur
    81 | D        | Noticed a polar bear
    95 | D        | Noticed a flying skull
   100 | D        | Noticed a flying skull
   103 | D        | Slain by a hornet

Illustrated notes

Levels and vault maps discovered:
D:        the_violet_keep_of_menkaure [sprint2_stairs_cluster_1,
          sprint2_shoproom, sprint2_temple, sprint2_basic_supplies,
          sprint2_obstacle_6, sprint2_obstacle_1, sprint2_obstacle_4,
          sprint2_obstacle_3, sprint2_obstacle_2, sprint2_timed_cluster_1,
          sprint2_smallroom_cluster_1, sprint2_smallroom_final_cluster_1,
          sprint2_transparent_cluster_1, sprint2_second_timed_cluster_1,
          sprint2_sniper_area_1, sprint2_heavy_combat_area_1,
          sprint2_mutation_trap_area_1, sprint2_forest_area_1,
          sprint2_light_combat_area_1, sprint2_behind_water_1,
          sprint2_near_end_vault_1]

Skill      XL: |  1  2  3  4  5  6 |
---------------+-------------------+-----
Fighting       | 3 4 5 |  5.3
Long Blades    | 5 6 7 8 |  8.4
Dodging        | 6 7 8 9 |  9.6
Armour         | 1 |  1.2
Throwing       | |  1.5

Action                     |  1- 3 |  4- 6 || total
---------------------------+-------+-------++-------
  Melee: Long sword        |     7 |    33 ||    40
    Use: Potion            |     1 |     1 ||     2
         Scroll            |       |     1 ||     1
 Armour: Leather armour    |     4 |    21 ||    25
  Dodge: Dodged            |     2 |    34 ||    36

Table legend: (Time is in decaauts)
 A = Elapsed time spent in this place.
 B = Non-inter-level travel time spent in this place.
 C = Inter-level travel time spent in this place.
 D = Time resting spent in this place.
 E = Time spent auto-exploring this place.
 F = Levels seen in this place.
 G = Mean time per level.
                   A        B        C        D        E       F      G
               +--------+--------+--------+--------+--------+-----+--------+
         Total |    107 |    107 |      0 |      2 |      0 |   1 |  107.0 |
       Dungeon |    107 |    107 |      0 |      2 |      0 |   1 |  107.0 |
               +--------+--------+--------+--------+--------+-----+--------+

Top non-repeatable levels by time:
       D: 107 daAuts
